 Dungeon Crawl Stone Soup version 0.29.1-15-g9cfb28693d (webtiles) character file.

Game seed: 2154596569252052049

666 Anriel the Ducker (level 7, -3/38 HPs)
             Began as a Deep Elf Hedge Wizard on Mar 10, 2023.
             Killed from afar by a steam dragon (26 damage)
             ... with a ball of steam
             ... on level 5 of the Dungeon.
             The game lasted 00:24:10 (5463 turns).

Anriel the Ducker (Deep Elf Hedge Wizard)           Turns: 5463, Time: 00:24:10

Health: -3/38      AC:  5    Str:  7    XL:     7   Next: 31%
Magic:  11/16      EV: 14    Int: 21    God:
Gold:   254        SH:  0    Dex: 14    Spells: 7/16 levels left

rFire   . . .      SeeInvis .   j - +0 dagger (venom)
rCold   . . .      Faith    .   (no shield)
rNeg    . . .      Spirit   .   b - +0 robe
rPois   .          Reflect  .   h - +0 helmet
rElec   .          Harm     .   (no cloak)
rCorr   .          Rampage  .   d - +0 pair of gloves
Will    +....                   t - +0 pair of boots
Stlth   ++........              (no amulet)
HPRegen 0.12/turn               k - ring of willpower
MPRegen 0.15/turn               (no ring)

@: no status effects
A: no striking features
a: no special abilities


You were on level 5 of the Dungeon.
You visited 1 branch of the dungeon, and saw 5 of its levels.

You collected 254 gold pieces.

Inventory:

Hand Weapons
 a - a +1 dagger
 j - a +0 dagger of venom (weapon)
Armour
 b - a +0 robe (worn)
 c - a +0 hat
 d - a +0 pair of gloves (worn)
 h - a +0 helmet (worn)
 t - a +0 pair of boots (worn)
 v - a +0 leather armour
Jewellery
 k - a ring of willpower (left hand)
 m - a ring of ice
Wands
 o - a wand of iceblast (20)
 p - a wand of polymorph (1)
Scrolls
 i - a scroll of teleportation
Potions
 e - a potion of curing {unknown}
 f - a potion of ambrosia {unknown}
 g - 3 potions of mutation
 l - 2 potions of flight
 n - a potion of heal wounds {unknown}
 q - 2 potions of degeneration {unknown}
 s - a potion of haste {unknown}


   Skills:
 - Level 1.0 Fighting
 * Level 6.2 Dodging
 - Level 2.4 Stealth
 - Level 5.0 Spellcasting
 - Level 5.0 Conjurations
 * Level 4.2 Hexes
 - Level 1.1 Summonings
 - Level 1.1 Translocations
 * Level 1.3 Fire Magic


You had 7 spell levels left.
You knew the following spells:

 Your Spells              Type           Power      Damage    Failure   Level
a - Magic Dart            Conj           100%       1d8       1%          1
b - Blink                 Tloc           18%        N/A       11%         2
c - Slow                  Hex            92%        N/A       1%          1
d - Call Imp              Summ           9%         N/A       11%         2
e - Conjure Flame         Conj/Fire      18%        6-21      9%          3

Your spell library contained the following spells:

 Spells                   Type           Power      Damage    Failure   Level
 Mephitic Cloud           Conj/Pois/Air  12%        N/A       17%         3


Dungeon Overview and Level Annotations

Branches:
Dungeon (5/15)
 Temple: D:4-7

Altars:
Cheibriados
Hepliaklqana
Okawaru
Trog
Wu Jian
Yredelemnul


Message History

The steam dragon breathes steam at you.
The ball of steam hits your crimson imp.
Your crimson imp resists.
The ball of steam misses you.
Your crimson imp barely misses the steam dragon.
An adder comes into view.
Your crimson imp hits the steam dragon but does no damage.
The steam dragon bites your crimson imp but does no damage.
The steam dragon barely misses your crimson imp.
Aiming: Magic Dart (safe; 1% risk of failure)
Press: ? - help, Q - select action, (/) - cycle Shift-Dir - straight line, f - steam dragon
Aim: a steam dragon (lightly wounded, catching its breath, ally target, 100% to hit)
The magic dart hits the steam dragon!
The steam dragon is moderately wounded.
The steam dragon misses your crimson imp.
The steam dragon barely misses your crimson imp.
Your crimson imp barely misses the steam dragon.
Aiming: Magic Dart (safe; 1% risk of failure)
Press: ? - help, Q - select action, (/) - cycle Shift-Dir - straight line, f/p - steam dragon
Aim: a steam dragon (moderately wounded, catching its breath, ally target, 100% to hit)
The magic dart hits the steam dragon but does no damage.
The steam dragon is moderately wounded.
The steam dragon bites your crimson imp but does no damage.
The steam dragon completely misses your crimson imp.
Your crimson imp closely misses the steam dragon.
Aiming: Magic Dart (safe; 1% risk of failure)
Press: ? - help, Q - select action, (/) - cycle Shift-Dir - straight line, f/p - steam dragon
Aim: a steam dragon (moderately wounded, catching its breath, ally target, 100% to hit)
The magic dart hits the steam dragon.
The steam dragon is heavily wounded.
Your crimson imp disappears in a puff of smoke!
Aiming: Magic Dart (safe; 1% risk of failure)
Press: ? - help, Q - select action, (/) - cycle Shift-Dir - straight line, f/p - steam dragon
Aim: a steam dragon (black smoke, heavily wounded, 100% to hit)
The magic dart hits the steam dragon.
The steam dragon is severely wounded.
The steam dragon breathes steam at you. The ball of steam hits you!!
Ouch! That really hurt!
You die...

####### #.....#
#.....# #.....# #
#.....+ .#
#.....# D.#
##...## ...#
..##@§D##§...#
#.....S...<.....#
##...=..<.......#
................#
##...#######....#
#... ....# ....
....# .... ...#
...#


You could see a steam dragon (catching breath) and an adder.

Vanquished Creatures
  2 ogres (D:4)
  A gnoll sergeant (D:4)
  2 hounds (D:4)
  A gnoll bouda (D:4)
  Jessica (D:3)
  An iguana (D:3)
  Natasha (thrice) (D:3)
  Robin (D:2)
  3 adders
  6 gnolls
  3 worms (D:2)
  4 dart slugs
  3 orcs
  7 bats
  5 endoplasms
  3 giant cockroaches
  7 hobgoblins
  A jackal (D:1)
  4 quokkas
  9 ball pythons
  4 frilled lizards
  15 goblins
  9 kobolds
  5 rats
100 creatures vanquished.

Vanquished Creatures (collateral kills)
  Terence (D:2)
  A kobold (D:2)
2 creatures vanquished.

Grand Total: 102 creatures vanquished

Notes
Turn   | Place    | Note
-------+----------+-------------------------------------------
     0 | D:1      | Anriel the Deep Elf Hedge Wizard began the quest for the
                  | Orb.
     0 | D:1      | Reached XP level 1. HP: 10/10 MP: 7/7
   147 | D:1      | Reached XP level 2. HP: 15/15 MP: 1/9
   156 | D:1      | Learned a level 2 spell: Blink
   158 | D:1      | Learned a level 1 spell: Slow
   161 | D:1      | Learned a level 2 spell: Call Imp
   345 | D:1      | Reached skill level 3 in Dodging
   488 | D:1      | Found a faded altar of an unknown god.
   712 | D:1      | Reached XP level 3. HP: 19/19 MP: 0/11
  1235 | D:2      | Noticed Terence
  1248 | D:2      | Killed Terence
  1346 | D:2      | Reached skill level 5 in Spellcasting
  1383 | D:2      | Reached XP level 4. HP: 24/24 MP: 7/13
  1762 | D:2      | Reached skill level 4 in Dodging
  1896 | D:2      | Learned a level 3 spell: Conjure Flame
  2106 | D:3      | Noticed Robin
  2308 | D:2      | Killed Robin
  2635 | D:3      | Noticed Jessica
  2643 | D:3      | Killed Jessica
  2644 | D:3      | Reached XP level 5. HP: 13/28 MP: 9/14
  2831 | D:3      | Noticed Natasha
  2843 | D:3      | Killed Natasha
  2844 | D:3      | Reached skill level 1 in Fighting
  3022 | D:3      | Noticed Natasha
  3026 | D:3      | Killed Natasha
  3121 | D:3      | Reached skill level 1 in Hexes
  3301 | D:3      | Noticed Natasha
  3311 | D:3      | Killed Natasha
  3312 | D:3      | Reached skill level 5 in Dodging
  3330 | D:3      | Found a snail-covered altar of Cheibriados.
  3330 | D:3      | Found a bloodstained altar of Trog.
  3330 | D:3      | Found an ornate altar of the Wu Jian Council.
  3594 | D:3      | Reached XP level 6. HP: 34/34 MP: 15/15
  3960 | D:4      | Found an iron altar of Okawaru.
  4395 | D:4      | Found a hazy altar of Hepliaklqana.
  4574 | D:4      | Found a faded altar of an unknown god.
  4785 | D:4      | Found a basalt altar of Yredelemnul.
  4927 | D:4      | Reached skill level 5 in Conjurations
  4927 | D:4      | Reached XP level 7. HP: 38/38 MP: 8/16
  5053 | D:4      | Reached skill level 6 in Dodging
  5290 | D:4      | Reached skill level 1 in Fire Magic
  5451 | D:5      | Entered Level 5 of the Dungeon
  5451 | D:5      | Noticed a steam dragon
  5463 | D:5      | Killed from afar by a steam dragon

Illustrated notes

Levels and vault maps discovered:
D:1:      scummos_arrival_checkerplants, layout_basic,
          hellmonk_ecumenical_altar_pennies_from_heaven, minmay_tripent
D:2:      layout_loops_ring, grunt_ministairs_9, kennysheep_nub, nrook_campfire,
          kennysheep_generic_room_8, uniq_terence
D:3:      wad_river_or_something, layout_loops_ring,
          gammafunk_temple_overflow_claw, uniq_natasha, uniq_jessica, uniq_robin
D:4:      layout_loops_ring, okawaru_gym_becter,
          mainiacjoe_overflow_concentric_impassable,
          beargit_hepliaklqana_dungeon_heroes, dk_rats_in_the_wall
D:5:      layout_gridville, serial_shops, shop, gammafunk_ghost_necromancy,
          uniq_pikel, uniq_sigmund, uniq_blork_the_orc

Skill      XL: |  1  2  3  4  5  6  7 |
---------------+----------------------+-----
Dodging        | 3 4 5 6 |  6.2
Conjurations   | 2 3 4 5 |  5.0
Spellcasting   | 5 |  5.0
Fighting       | 1 |  1.0
Hexes          | 2 3 4 |  4.2
Fire Magic     | 1 |  1.3
Stealth        | |  2.4
Summonings     | |  1.1
Translocations | |  1.1

Action                   |  1- 3 |  4- 6 |  7- 9 || total
-------------------------+-------+-------+-------++-------
Melee: Dagger            |    16 |    65 |    15 ||    96
       Punch             |       |     1 |       ||     1
 Cast: Magic Dart        |    64 |   140 |    14 ||   218
       Call Imp          |     1 |     5 |     1 ||     7
       Slow              |       |     2 |       ||     2
       Blink             |       |     1 |       ||     1
       Conjure Flame     |       |     7 |     3 ||    10
Evoke: Wand              |       |     1 |       ||     1
  Use: Scroll            |     6 |     3 |       ||     9
       Potion            |       |     1 |       ||     1
 Stab: Sleeping          |     4 |     6 |       ||    10
Armor: Robe              |     9 |    11 |     6 ||    26
Dodge: Dodged            |    19 |    43 |    10 ||    72
